Description

HuShang's 3rax Stim-Combat-Concussive Push

This is a super strong & really fun build order that I've been playing in my TvP's almost exclusively. You get right into the action super fast and it's very difficult for protoss to defend your first push never mind the second one.

VOD

https://www.youtube.com/watch?v=RhFvVHWc6x8&ab_channel=HuShangTutorials

Replay - 3 Rax vs Ai used in YT Guide

Build Order

Get SALT Encoding   

  6  0:00  SCV  
  13  0:12  SCV  
  14  0:17  Supply Depot  
  14  0:24  SCV  
  15  0:38  SCV  
  15  0:39  Barracks  
  16  0:43  Refinery  
  16  0:50  SCV  
  17  1:02  SCV  
  18  1:15  SCV  
  19  1:27  Marine  
  19  1:28  Orbital Command  
  20  1:42  Command Center  
  20  1:45  Barracks Reactor  
  20  1:53  SCV  
  21  1:57  Supply Depot  
  21  2:05  SCV  
  22  2:17  SCV  
  22  2:20  Barracks x2  
  23  2:24  Marine x2  
  26  2:42  Marine x2  
  29  2:55  Orbital Command  
  30  3:00  Marine x2  
  32  3:11  Barracks Tech Lab x2  
  33  3:21  Supply Depot  
  33  3:25  Marine  
  37  3:30  Stimpack, Concussive Shells  
  37  3:32  Marine x2  
  41  3:46  Supply Depot, Refinery  
  43  3:50  Marauder x2  
  49  4:02  Engineering Bay  
  51  4:05  Supply Depot  
  53  4:13  Combat Shield  
  63  4:43  Factory  
  65  4:49  Missile Turret  
  65  4:53  Terran Infantry Weapons Level 1  
  65  4:58  Command Center  
  78  5:25  Refinery x2  
  78  5:28  Starport, Factory Reactor  
  78  5:41  Marauder x2  
  86  5:47  Barracks x2  
  85  6:04  Marauder x2  
  91  6:15  Medivac x2  
  97  6:22  Factory Reactor  
  96  6:28  Marauder x2  
  96  6:32  Orbital Command  
  102  6:36  Barracks Reactor, Barracks Tech Lab  
  102  6:45  Medivac x2  
  108  6:50  Marauder x2  
  115  7:06  Bunker  
  115  7:11  Widow Mine x2  
  115  7:15  Medivac x2  
  146  7:45  Refinery x2  
  146  7:52  Widow Mine x2  
  146  7:57  Medivac x2  
  163  8:12  Command Center  
Spawning Tool Build Advisor. Get it on Overwolf

Go to:

Details

  • Created by: hushang      
  • Published on: Oct 21, 2021
  • Modified on: Oct 21, 2021
  • Patch: 4.11.0
  • Difficulty: Easy
Show
View Real Time Build Order
Export as new Build Order

Comments (6)

On Oct. 1, 2023, 5:51 p.m., meadbert  said:

@Harclerode:
+1 Attack is an upgrade on the Engineering Bay. It might say Infantry Weapons or something on it.

On Sept. 29, 2023, 3:12 a.m., Harclerode  said:

i'm tottaly new one. I have (maybe stupid) question for you:
when i build this order on "embot" mode i see on the order list something like "+1attack" but i don't know that it means and can't fullfill. can you guys tell me what it means?

On Aug. 5, 2023, 6:42 p.m., GoForGold  said:

Nice order, works great!

On Feb. 2, 2023, 9:48 p.m., AYK  said:

@Saul23
this won't work vs Terran but can potentially work vs Zerg but I would add an earlier 3rd Command Centre.

On Sept. 23, 2022, 6:33 p.m., Saul23  said:

Hey, kinda new on the game, wondering, does this build work only vs protoss?

On April 9, 2022, 4:29 p.m., Kuprip  said:

great build

Create an account to comment!